AoeStats
← 76896859

Arena

504045605Analyzed
4v4 RM · 28d ago on Sep 3, 2026· 55m 28s· 8 players
Game mode
Random Map
Map size
Large (8 player)
Population
200
Speed
Normal
Resources
Standard
Victory
Conquest
Starting age
Dark Age
Ending age
Imperial Age
RankedLock teamsTeams togetherTeam positionsShared explorationLock speedFull tech treeHidden civsTurbo modeCheats
Victory
Defeat
🇦🇷 Saracens · Argentina
1046
+15
🇨🇴 Hindustanis · Colombia
1045
+15
🇩🇪 Persians · Germany
1035
+15
🇹🇷 Burgundians · Türkiye
988
+17
🇨🇳 Britons · China
1043
-17
1037
-16
🇮🇳 Bulgarians · India
1003
-15
🇨🇳 Britons · China
987
-14
yitxdiku
3:07 Loom
10:42 Feudal Age
13:48 Double-Bit Axe
16:16 Castle Age
14:27 Horse Collar
15:42 Wheelbarrow
17:16 Bow Saw
17:08 Heavy Plow
24:33 Gold Mining
27:12 Gold Shaft Mining
27:08 Hand Cart
29:36 Imperial Age
27:51 Stone Mining
28:54 Fletching
29:04 Padded Archer Armor
28:32 Elite Skirmisher
29:29 Masonry
29:30 Fortified Wall
29:12 Town Watch
31:26 Chemistry
30:49 Ballistics
30:47 Guilds
31:43 Two-Man Saw
30:45 Gambesons
31:18 Leather Archer Armor
32:12 Bodkin Arrow
32:48 Ring Archer Armor
33:25 Bracer
34:06 Conscription
33:34 Pikeman
34:14 Squires
35:27 Forging
35:18 Scale Mail Armor
36:11 Block Printing
36:35 Theocracy
36:44 Iron Casting
36:24 Chain Mail Armor
37:54 Elite Longbowman
39:38 Elite Longbowman
JAS
12:29 Feudal Age
16:19 Castle Age
14:38 Double-Bit Axe
14:46 Loom
15:45 Horse Collar
17:02 Wheelbarrow
18:02 Bow Saw
18:30 Heavy Plow
21:27 Gold Mining
22:40 Stone Mining
25:51 Gold Shaft Mining
26:50 Stone Shaft Mining
30:23 Imperial Age
28:38 Forging
28:29 Scale Mail Armor
28:50 Hand Cart
29:42 Iron Casting
29:15 Scale Barding Armor
29:31 Padded Archer Armor
31:12 Chain Barding Armor
32:26 Blast Furnace
32:03 Plate Barding Armor
31:18 Gambesons
32:58 Squires
32:51 Fletching
33:20 Chain Mail Armor
33:16 Stirrups
33:41 Bodkin Arrow
34:01 Elite Konnik
36:43 Bagains
40:39 Chemistry
40:00 Ballistics
40:36 Plate Mail Armor
44:53 Leather Archer Armor
44:39 Bracer
46:56 Elite Skirmisher
47:42 Thumb Ring
瘦死的骆驼比马大
12:22 Feudal Age
16:24 Castle Age
15:24 Double-Bit Axe
15:21 Horse Collar
18:02 Bow Saw
23:23 Wheelbarrow
24:01 Stone Mining
24:16 Loom
24:53 Gold Mining
25:56 Hand Cart
30:07 Imperial Age
29:47 Scale Mail Armor
29:57 Forging
29:20 Pikeman
30:00 Squires
31:00 Guard Tower
31:31 Ballistics
32:12 Chemistry
31:05 Elite Skirmisher
32:28 Conscription
33:25 Two-Man Saw
32:16 Fletching
32:27 Padded Archer Armor
33:48 Iron Casting
33:10 Bodkin Arrow
33:32 Leather Archer Armor
35:24 Keep
35:07 Halberdier
36:22 Chain Mail Armor
36:43 Iron Casting
38:27 Plate Mail Armor
38:57 Blast Furnace
38:39 Bracer
39:09 Ring Archer Armor
40:23 Arrowslits
42:13 Masonry
42:14 Fortified Wall
43:16 Yasama
76896859
5:50 Loom
13:07 Feudal Age
18:03 Castle Age
16:39 Double-Bit Axe
16:38 Horse Collar
17:52 Stone Mining
17:55 Gold Mining
19:11 Heavy Plow
20:43 Bow Saw
22:46 Wheelbarrow
25:44 Town Watch
27:22 Hand Cart
32:27 Imperial Age
30:08 Fletching
31:06 Gold Shaft Mining
30:42 Padded Archer Armor
31:52 Yeomen
32:21 Bodkin Arrow
32:42 Leather Archer Armor
32:48 Elite Longbowman
34:02 Ring Archer Armor
36:44 Conscription
37:00 Bracer
37:09 Pikeman
38:55 Scale Mail Armor
39:07 Forging
40:02 Chemistry
40:08 Squires
39:30 Halberdier
42:06 Two-Man Saw
40:58 Elite Skirmisher
42:07 Ballistics
41:43 Murder Holes
45:11 Chain Mail Armor
45:32 Iron Casting
45:16 Masonry
49:28 Blast Furnace
El Furia
7:36 Loom
11:02 Feudal Age
11:59 Double-Bit Axe
17:09 Castle Age
16:14 Horse Collar
17:28 Stone Mining
19:42 Bow Saw
20:19 Wheelbarrow
21:23 Hand Cart
23:15 Fletching
23:56 Bodkin Arrow
23:46 Elite Skirmisher
25:17 Gold Mining
27:25 Gold Shaft Mining
27:18 Scale Barding Armor
27:14 Padded Archer Armor
31:20 Imperial Age
29:59 Forging
30:05 Heavy Plow
30:52 Bloodlines
31:20 Chain Barding Armor
31:16 Leather Archer Armor
32:14 Bracer
32:41 Conscription
33:33 Ring Archer Armor
33:39 Plate Barding Armor
35:05 Ballistics
35:45 Chemistry
36:28 Iron Casting
35:57 Elite Mameluke
43:17 Counterweights
44:12 Blast Furnace
Pangaea
6:56 Loom
10:04 Feudal Age
10:33 Horse Collar
10:40 Double-Bit Axe
19:31 Castle Age
18:21 Bloodlines
19:22 Gold Mining
19:25 Stone Mining
21:10 Bow Saw
21:15 Heavy Plow
22:24 Wheelbarrow
23:10 Caravan
29:06 Imperial Age
26:45 Husbandry
27:25 Murder Holes
27:46 Fletching
28:27 Ballistics
30:46 Chemistry
31:42 Hand Cart
35:11 Forging
35:06 Scale Barding Armor
35:03 Padded Archer Armor
36:10 Conscription
37:11 Elite War Elephant
44:30 Kamandaran
45:09 Hoardings
44:43 Thumb Ring
44:01 Crossbowman
ouronur
5:45 Loom
11:04 Feudal Age
9:26 Double-Bit Axe
19:38 Castle Age
18:01 Horse Collar
18:33 Stone Mining
20:25 Stone Shaft Mining
20:06 Bow Saw
21:38 Squires
23:26 Gold Mining
23:19 Pikeman
27:53 Gold Shaft Mining
30:57 Imperial Age
31:16 Burgundian Vineyards
30:45 Elite Skirmisher
31:19 Fletching
31:35 Scale Barding Armor
31:31 Scale Mail Armor
34:38 Chemistry
33:58 Ballistics
35:03 Halberdier
36:39 Wheelbarrow
39:06 Chain Mail Armor
39:02 Forging
40:05 Two-Man Saw
39:59 Guilds
40:46 Fortified Wall
42:45 Murder Holes
42:45 Elite Coustillier
46:47 Hand Cart
47:15 Heavy Plow
48:06 Bodkin Arrow
51:18 Chain Barding Armor
51:29 Plate Mail Armor
53:56 Plate Barding Armor
54:00 Iron Casting
55:09 Padded Archer Armor
Champetú
10:55 Feudal Age
11:55 Double-Bit Axe
16:09 Castle Age
18:04 Loom
19:19 Gold Mining
19:20 Stone Mining
24:53 Horse Collar
29:27 Wheelbarrow
34:46 Imperial Age
32:57 Bow Saw
34:03 Forging
33:59 Scale Barding Armor
34:05 Heavy Plow
34:28 Hand Cart
35:20 Bloodlines
35:11 Husbandry
35:27 Heavy Camel Rider
35:56 Town Watch
37:15 Iron Casting
37:01 Chain Barding Armor
39:18 Blast Furnace
38:40 Imperial Camel Rider
40:52 Conscription
41:43 Plate Barding Armor
41:29 Grand Trunk Road
43:14 Gold Shaft Mining
43:15 Stone Shaft Mining
43:28 Scale Mail Armor
43:35 Squires
43:21 Arson
47:49 Two-Man Saw
49:21 Chemistry
48:41 Ballistics
51:55 Caravan
52:00 Light Cavalry
55:20 Elite Skirmisher
56:06 Thumb Ring
Connection lost

Rejoining the realm…

Still unreachable

The connection could not be restored.

Session expired

The server has moved on; the page needs a fresh start.